 Dungeon Crawl Stone Soup version 0.30-a0-168-g0b976cbdc4 (webtiles) character file.

Game seed: 4543112883976672702

1921 LnG the Covert (level 9, -5/49 HPs)
             Began as a Kobold Summoner on Sept 29, 2022.
             Killed by divine providence
             ... invoked by an orc priest
              (13 damage)
             ... on level 6 of the Dungeon.
             The game lasted 00:16:01 (6217 turns).

LnG the Covert (Kobold Summoner)                    Turns: 6217, Time: 00:16:02

Health: -5/49      AC:  9    Str: 11    XL:     9   Next: 39%
Magic:  1/16       EV: 21    Int: 20    God:
Gold:   151        SH:  0    Dex: 16    Spells: 8/17 levels left

rFire   . . .      SeeInvis .    f - +0 dagger
rCold   . . .      Faith    .    (no shield)
rNeg    . . .      Spirit   .    a - +1 robe
rPois   .          Reflect  .    (no helmet)
rElec   .          Harm     .    p - +2 cloak
rCorr   .          Rampage  .    q - +2 pair of gloves
Will    .....                    (no boots)
Stlth   +++++.....               (no amulet)
HPRegen 0.16/turn                m - +4 ring of evasion
MPRegen 0.15/turn                x - +6 ring of strength

@: about to teleport
A: small, no large weapons, nightstalker 3
a: no special abilities


You were on level 6 of the Dungeon.
You visited 1 branch of the dungeon, and saw 6 of its levels.

You collected 424 gold pieces.
You spent 273 gold pieces at shops.

Inventory:

Hand Weapons
 f - a +0 dagger (weapon)
Armour
 a - a +1 robe (worn)
 p - a +2 cloak (worn)
 q - a +2 pair of gloves (worn)
Jewellery
 m - a +4 ring of evasion (left hand)
 x - a +6 ring of strength (right hand)
 A - a +4 ring of evasion
Wands
 t - a wand of paralysis (8)
 u - a wand of roots (23)
 z - a wand of flame (17)
Scrolls
 c - 3 scrolls of fear
 g - a scroll of brand weapon {unknown}
 h - 2 scrolls of butterflies {unknown}
 i - 2 scrolls of enchant weapon {unknown}
 j - a scroll of vulnerability {unknown}
 r - 2 scrolls of teleportation
 w - 2 scrolls of immolation
 y - 2 scrolls of poison {unknown}
Potions
 b - 2 potions of magic
 e - a potion of attraction {unknown}
 k - 3 potions of lignification {unknown}
 l - 3 potions of flight {unknown}
 n - a potion of invisibility {unknown}
 o - 4 potions of heal wounds {unknown}
 s - a potion of haste {unknown}
 v - a potion of mutation {unknown}


   Skills:
 + Level 2.7 Fighting
 + Level 6.5 Short Blades
 + Level 6.3 Dodging
 + Level 9.1 Stealth
 + Level 4.7 Spellcasting
 + Level 0.7 Hexes
 + Level 6.0 Summonings


You had 8 spell levels left.
You knew the following spells:

 Your Spells              Type           Power      Damage    Failure   Level
a - Summon Small Mammal   Summ           100%       N/A       1%          1
b - Call Imp              Summ           28%        N/A       1%          2
c - Call Canine Familiar  Summ           28%        N/A       3%          3
d - Summon Guardian Gole  Hex/Summ       18%        N/A       9%          3

Your spell library contained the following spells:

 Spells                   Type           Power      Damage    Failure   Level
 Necrotise                Necr           16%        1d4       12%         1
 Portal Projectile        Hex/Tloc       12%        N/A       30%         3
 Frozen Ramparts          Ice            8%         1d2       34%         3
 Gell's Gravitas          Tloc           4%         N/A       34%         3
 Lesser Beckoning         Tloc           4%         N/A       34%         3
 Stone Arrow              Conj/Erth      8%         3d7       34%         3
 Teleport Other           Tloc           4%         N/A       34%         3
 Vampiric Draining        Necr           4%         2d6       34%         3
 Animate Armour           Summ/Erth      32%        N/A       34%         4
 Summon Ice Beast         Ice/Summ       16%        N/A       34%         4
 Summon Lightning Spire   Summ/Air       16%        N/A       34%         4
 Leda's Liquefaction      Hex/Erth       3%         N/A       71%         4
 Ice Form                 Ice/Tmut       4%         N/A       75%         4
 Agony                    Necr           4%         N/A       97%         5
 Lehudib's Crystal Spear  Conj/Erth      2%         10d2      100%        8


Dungeon Overview and Level Annotations

Branches:
Dungeon (6/15)
 Temple: D:4-7

Altars:
Fedhas
Kikubaaqudgha
Nemelex Xobeh
Okawaru
Qazlal
Uskayaw

Shops:
D:2 :   D:3 [   D:4 ?


Innate Abilities, Weirdness & Mutations

You are small and have problems with some larger weapons.
You are completely attuned to the shadows.


Message History

Your hound misses the orc priest.
Things that are here:
a +0 short sword; a +0 chain mail; an orc skeleton You barely miss the orc priest.
The orc priest is heavily wounded.
Your hound bites the orc priest.
The orc priest hits your hound with a +0 flail!
Your hound dies!
Your hound's corpse disappears in a puff of smoke!
The orc priest shouts!
Casting: Call Canine Familiar (dangerous; 3% risk of failure)
Confirm with . or Enter, or press ? or * to list all spells.
A beastly little devil appears in a puff of flame.
Something shouts, "Slither hence, thou spongy full-gorged joithead!"
The orc priest barely misses you.
You hit the orc priest but do no damage.
The orc priest is severely wounded.
Your crimson imp blinks!
The orc priest hits you but does no damage.
The orc hits you with a +0 hand axe. The orc priest completely misses you.
Things that are here:
a +0 short sword; a +0 chain mail; an orc skeleton You closely miss the orc priest.
The orc priest is severely wounded.
Unknown command.
You hit the orc priest but do no damage.
The orc priest is severely wounded.
The orc hits you but does no damage. The orc priest closely misses you.
Unknown command.
As you read the scroll of teleportation, it crumbles to dust.
You feel strangely unstable. The orc hits you but does no damage.
The orc priest calls down the wrath of Beogh upon you.
Beogh smites you!
* * * LOW HITPOINT WARNING * * *
Your crimson imp closely misses the orc priest.
The orc misses you.
The orc priest calls down the wrath of Beogh upon you.
Beogh smites you!
You die...

........ l............#######
..........................#.....#
..........................#.PPP.#
..........................#...P.'
..........................#._.P.'
..........................#...P.'
.........).......5........#.PPP.#
........§§§).)...5........#.....#
..........)).)..@)o.......#######
##########§######o######## #..
#Y######Y# ### #)§oo§...#
##########


You could see an ice beast, an orc priest (ally target), a white imp, an orc and
a friendly crimson imp (summoned).

Vanquished Creatures
  Pikel (D:5)
  A steam dragon (D:6)
  A water moccasin (D:6)
  A black bear (D:6)
  2 ogres (D:5)
  A phantom (D:4)
  A lemure (D:5)
  3 wights (D:6)
  An orc priest (D:6)
  A hound (D:5)
  2 iguanas
  An orc wizard (D:6)
  6 adders
  2 worms
  3 orcs (D:6)
  6 ball pythons
  8 endoplasms
  A giant cockroach (D:3)
  3 hobgoblins
  3 jackals (D:2)
  3 quokkas
  3 bats
  5 frilled lizards
  3 goblins
  4 kobolds
  2 rats (D:1)
68 creatures vanquished.

Vanquished Creatures (collateral kills)
  A sky beast (D:6)
  An orc warrior (D:6)
  A howler monkey (D:4)
  A hound (D:6)
  An iguana (D:5)
  6 gnolls
  A shadow imp (D:6)
  8 orcs
  An endoplasm (D:1)
  A hobgoblin (D:2)
  A ball python (D:1)
  A bat (D:1)
24 creatures vanquished.

Vanquished Creatures (others)
  3 orc priests (D:6)
  2 orc wizards (D:6)
  An orc (D:6)
  11 fungi (D:5)
17 creatures vanquished.

Grand Total: 109 creatures vanquished

Notes
Turn   | Place    | Note
-------+----------+-------------------------------------------
     0 | D:1      | LnG the Kobold Summoner began the quest for the Orb.
     0 | D:1      | Reached XP level 1. HP: 10/10 MP: 3/3
   111 | D:1      | Found a faded altar of an unknown god.
   365 | D:1      | Reached XP level 2. HP: 15/15 MP: 5/5
   368 | D:1      | Learned a level 2 spell: Call Imp
  1174 | D:2      | Reached XP level 3. HP: 19/19 MP: 6/6
  1206 | D:2      | Reached skill level 3 in Stealth
  1331 | D:2      | Found Ohaugep's Book Shoppe.
  1647 | D:2      | Learned a level 3 spell: Call Canine Familiar
  1654 | D:2      | Reached skill level 1 in Short Blades
  1654 | D:2      | Reached skill level 4 in Stealth
  1654 | D:2      | Reached XP level 4. HP: 11/24 MP: 3/7
  2435 | D:3      | Found a sparkling altar of Nemelex Xobeh.
  2489 | D:3      | Found Cubauz's Antique Armour Emporium.
  2508 | D:3      | Bought a pair of runed gloves for 195 gold pieces
  2585 | D:3      | Found a blossoming altar of Fedhas.
  2891 | D:3      | Found an ancient bone altar of Kikubaaqudgha.
  2975 | D:4      | Noticed a phantom
  3030 | D:4      | Killed a phantom
  3031 | D:4      | Reached skill level 5 in Stealth
  3031 | D:4      | Reached XP level 5. HP: 26/28 MP: 3/9
  3349 | D:4      | Noticed a sky beast
  3351 | D:4      | Reached XP level 6. HP: 17/33 MP: 6/10
  3839 | D:4      | Learned a level 3 spell: Summon Guardian Golem
  3877 | D:4      | Found Tereydo's Magic Scroll Emporium.
  3880 | D:4      | Bought a scroll of identify for 26 gold pieces
  3880 | D:4      | Bought a scroll of immolation for 52 gold pieces
  3933 | D:5      | Entered Level 5 of the Dungeon
  3971 | D:5      | Found a stormy altar of Qazlal.
  4127 | D:5      | Found a hide-covered altar of Uskayaw.
  4142 | D:5      | Noticed an ogre
  4146 | D:5      | Killed an ogre
  4147 | D:5      | Reached skill level 1 in Fighting
  4224 | D:5      | Reached skill level 6 in Stealth
  4289 | D:5      | Reached skill level 5 in Summonings
  4422 | D:5      | Reached XP level 7. HP: 23/38 MP: 11/11
  4920 | D:5      | Noticed Pikel
  4945 | D:5      | Killed Pikel
  4946 | D:5      | Reached skill level 5 in Short Blades
  4946 | D:5      | Reached skill level 5 in Dodging
  4946 | D:5      | Reached skill level 7 in Stealth
  4946 | D:5      | Reached XP level 8. HP: 33/44 MP: 11/13
  5403 | D:6      | Reached skill level 8 in Stealth
  5416 | D:6      | Found an iron altar of Okawaru.
  5540 | D:6      | Reached XP level 9. HP: 49/49 MP: 15/15
  6090 | D:6      | Reached skill level 9 in Stealth
  6217 | D:6      | Killed from afar by an orc priest

Illustrated notes

Levels and vault maps discovered:
D:1:      minmay_arrival_open_corners, layout_basic,
          shapermc_ecumenical_altar_totnotflames
D:2:      layout_basic, serial_shops, shop
D:3:      layout_basic, mainiacjoe_overflow_tiny_flanked, fedhas_altar_1,
          amcnicky_altar_gilded, serial_shops, shop
D:4:      layout_basic, serial_shops, kennysheep_mini
D:5:      layout_basic, nicolae_qazlal_general_emergency,
          mainiacjoe_overflow_cross_hatched, eino_small_chamber_without_monster,
          uniq_pikel
D:6:      layout_basic, mainiacjoe_overflow_alcove_4

Skill      XL: |  1  2  3  4  5  6  7  8  9 |
---------------+----------------------------+-----
Stealth        | 4 5 6 7 8 9 |  9.1
Short Blades   | 1 2 3 5 6 |  6.5
Dodging        | 3 5 6 |  6.3
Fighting       | 1 2 |  2.7
Summonings     | 5 6 |  6.0
Spellcasting   | 3 4 |  4.7
Hexes          | |  0.7

Action                   |  1- 3 |  4- 6 |  7- 9 || total
-------------------------+-------+-------+-------++-------
Melee: Unarmed           |     3 |       |       ||     3
       Dagger            |    51 |   209 |   170 ||   430
       Punch             |       |     2 |     2 ||     4
 Cast: Summon Small Mamm |     8 |       |       ||     8
       Call Imp          |     2 |     1 |     6 ||     9
       Call Canine Famil |     1 |     6 |     9 ||    16
       Summon Guardian G |       |       |     4 ||     4
  Use: Scroll            |       |     5 |     2 ||     7
       Potion            |       |       |     4 ||     4
 Stab: Sleeping          |    16 |    12 |    14 ||    42
       Distracted        |     1 |     2 |     2 ||     5
Armor: Robe              |     3 |    22 |    32 ||    57
Dodge: Dodged            |    53 |   151 |   127 ||   331

Table legend: (Time is in decaauts)
 A = Elapsed time spent in this place.
 B = Non-inter-level travel time spent in this place.
 C = Inter-level travel time spent in this place.
 D = Time resting spent in this place.
 E = Time spent auto-exploring this place.
 F = Levels seen in this place.
 G = Mean time per level.
                   A        B        C        D        E       F      G
               +--------+--------+--------+--------+--------+-----+--------+
         Total |   6149 |   5937 |    212 |   1538 |   2921 |   6 | 1024.8 |
       Dungeon |   6149 |   5937 |    212 |   1538 |   2921 |   6 | 1024.8 |
               +--------+--------+--------+--------+--------+-----+--------+

Top non-repeatable levels by time:
     D:1: 1251 daAuts
     D:5: 1158 daAuts
     D:6: 1067 daAuts
     D:3: 994 daAuts
     D:2: 879 daAuts
     D:4: 799 daAuts
